 Dungeon Crawl Stone Soup version 0.31-a0-845-g9abc20d24f (webtiles) character file.

Game seed: 8115837209674798889

154 Nattfarinn the Ruffian (level 5, -1/27 HPs)
             Began as a Vine Stalker Shapeshifter on Oct 2, 2023.
             Slain by an orc wizard
             ... wielding a +0 dagger
              (3 damage)
             ... on level 4 of the Dungeon.
             The game lasted 00:02:56 (2311 turns).

Nattfarinn the Ruffian (Vine Stalker Shapeshifter)  Turns: 2311, Time: 00:02:57

Health: -1/27      AC:  2    Str: 18    XL:     5   Next: 35%
Magic:  0/6        EV: 12    Int: 16    God:
Gold:   222        SH:  0    Dex: 14    Spells: 4/4 levels left

rFire   . .          .
                       - Unarmed
rCold   . . .        (no shield)
rNeg    . . .        a - +0 animal skin
rPois   .            (helmet currently unavailable)
rElec   .            (cloak currently unavailable)
rCorr   .            (gloves currently unavailable)
SInv    .            (boots currently unavailable)
Will    .....        (no amulet)
Stlth   +            n - +6 ring of intelligence
HPRegen 1.04/turn    (no ring)
MPRegen 0.10/turn

%: guardian spirit
@: beast-form
A: beast (slay +1), fangs 2, regeneration 1, magic shield, antimagic bite, no
potion heal 2
a: Begin Untransformation


You were on level 4 of the Dungeon.
You were a hulking beast.
You visited 1 branch of the dungeon, and saw 4 of its levels.

You collected 222 gold pieces.

Inventory:

Missiles
 t - 2 throwing nets
Armour
 a - a +0 animal skin (worn)
Jewellery
 n - a +6 ring of intelligence (left hand)
Talismans
 c - a beast talisman (active)
 d - a flux talisman
 w - a blade talisman
Scrolls
 e - 2 scrolls of revelation {unknown}
 k - a scroll of vulnerability {unknown}
 l - a scroll of noise {unknown}
 m - 3 scrolls of identify {unknown}
 o - 2 scrolls of teleportation {unknown}
 r - a scroll of enchant armour {unknown}
 u - a scroll of blinking {unknown}
 x - a scroll of poison {unknown}
Potions
 b - 4 potions of lignification
 f - 3 potions of heal wounds {unknown}
 g - 4 potions of curing {unknown}
 h - 2 potions of ambrosia {unknown}
 i - a potion of brilliance {unknown}
 j - a potion of degeneration {unknown}
 p - a potion of might {unknown}
 q - 2 potions of mutation {unknown}
 s - 2 potions of haste {unknown}
 v - a potion of magic {unknown}


   Skills:
 + Level 2.6 Fighting
 - Level 1.5 Dodging
 * Level 5.1 Unarmed Combat
 - Level 3.0 Shapeshifting


You had 4 spell levels left.
You didn't know any spells.
Your spell library contained the following spells:

 Spells                   Type           Power      Damage    Failure   Level
 Lesser Beckoning         Tloc           0%         N/A       36%         2
 Gell's Gravitas          Tloc           0%         N/A       58%         3
 Teleport Other           Tloc           0%         N/A       58%         3


Dungeon Overview and Level Annotations

Branches:
Dungeon (4/15)
 Temple: D:4-7

Altars:
Okawaru
Vehumet
The Shining One

Shops:
D:1 (?   D:4 [


Innate Abilities, Weirdness & Mutations

You are a hulking beast.
Your limbs bulge with bestial killing power. (Slay +1)
You have extremely sharp teeth.
Your natural rate of healing is unusually fast.
When hurt, damage is shared between your health and your magic reserves.
Your bite disrupts and absorbs the magic of your enemies.
Potions cannot restore your health.


Message History

The orc shouts!
There are monsters nearby!
There are monsters nearby!
An orc wizard comes into view. It is wielding a +0 dagger.
The orc wizard shouts!
The orc priest shouts!
The orc wizard moves out of view.
You completely miss the orc. The orc misses you.
You closely miss the orc priest.
The orc priest miscasts a cantrip.
The orc hits you but does no damage.
The orc wizard gestures wildly while chanting.
The orc wizard flickers and vanishes!
Deactivating autopickup; reactivate with Ctrl-A.
You punch the orc priest! Your bite misses the orc priest.
The orc priest is heavily wounded.
The orc priest invokes the aid of Beogh against you.
Pain shoots through your body! The orc hits you with a +0 club.
You hit the orc priest. Your punch misses the orc priest.
The orc priest is severely wounded.
The orc priest calls down the wrath of Beogh upon you.
Pain shoots through your body!
You hit the orc priest. You bite the orc priest.
You kill the orc priest!
The orc hits you with a +0 club.
You hear some strange, mumbled words.
A magic dart appears from out of thin air!
The magic dart hits you.
* * * LOW HITPOINT WARNING * * *
Your Unarmed Combat skill increases to level 5!
You are too injured to fight recklessly!
You hit the orc. You punch the orc, but do no damage.
You bite the orc, but do no damage.
The orc is severely wounded.
The orc hits you but does no damage.
You hear some strange, mumbled words.
A magic dart appears from out of thin air!
The magic dart hits you!
* * * LOW HITPOINT WARNING * * *
You miss something. The orc misses you. Something hits you.
You die...

##
##################.
#................#.
#......>.........#♣
#....)...........#.
#..##...##.......#>
#oh#########'#####.
#.{)....##...###.##
#........#........'
#........#........#
#.......###########
#..######..........
#..#...............
#..#...............
#..#...............


You could see an orc.

Vanquished Creatures
  An orc priest (D:4)
  A hound (D:4)
  5 adders
  A worm (D:2)
  A dart slug (D:1)
  4 orcs
  3 endoplasms (D:1)
  3 giant cockroaches
  2 hobgoblins
  A quokka (D:1)
  7 ball pythons
  3 bats (D:1)
  2 frilled lizards
  4 goblins
  4 kobolds
  7 rats
49 creatures vanquished.

Notes
Turn   | Place    | Note
-------+----------+-------------------------------------------
     0 | D:1      | Nattfarinn the Vine Stalker Shapeshifter began the quest
                  | for the Orb.
     0 | D:1      | Reached XP level 1. HP: 9/9 MP: 2/2
    28 | D:1      | Reached skill level 1 in Fighting
   115 | D:1      | Found Tokuxias's Antique Weapon Shop.
   160 | D:1      | Found a faded altar of an unknown god.
   168 | D:1      | Reached XP level 2. HP: 14/14 MP: 3/3
   623 | D:1      | Found Jaorr's Magic Scroll Shoppe.
   780 | D:2      | Reached XP level 3. HP: 18/18 MP: 4/4
  1333 | D:2      | Reached skill level 4 in Unarmed Combat
  1595 | D:2      | Reached XP level 4. HP: 6/23 MP: 2/5
  2003 | D:3      | Found an iron altar of Okawaru.
  2047 | D:3      | Found a radiant altar of Vehumet.
  2167 | D:3      | Found a glowing golden altar of the Shining One.
  2255 | D:4      | Found Nemu's Antique Armour Emporium.
  2285 | D:4      | Reached XP level 5. HP: 24/27 MP: 6/6
  2310 | D:4      | Reached skill level 5 in Unarmed Combat
  2310 | D:4      | HP: 1/27 [something/magic dart (7)]
  2311 | D:4      | Slain by an orc wizard

Illustrated notes

Levels and vault maps discovered:
D:1:      erik_arrival_triangle_small, layout_loops_ring,
          basic_ecumenical_altar, serial_shops,
          nicolae_shop_competitors_out_of_business, nicolae_shop_rolled_up
D:2:      layout_loops_corners, minmay_misc_feat_iff, minmay_heptomino_l4
D:3:      layout_basic, general_overflow_altar, grunt_temple_overflow_open
D:4:      layout_gridville, grunt_dithmenos_smoke, overflow_temple_1_default,
          serial_shops, nicolae_shop_trees, kennysheep_little_box, uniq_natasha

Skill      XL: |  1  2  3  4  5 |
---------------+----------------+-----
Fighting       | 1 2 |  2.6
Unarmed Combat | 4 5 |  5.1
Dodging        | |  1.5
Shapeshifting  | |  3.0

Action                     |  1- 3 |  4- 6 || total
---------------------------+-------+-------++-------
  Melee: Unarmed           |    80 |    39 ||   119
         Bite              |    10 |    12 ||    22
         Punch             |     2 |     2 ||     4
   Stab: Sleeping          |     2 |     1 ||     3
 Armour: Animal skin       |    37 |    26 ||    63
  Dodge: Dodged            |    34 |    15 ||    49

Table legend: (Time is in decaauts)
 A = Elapsed time spent in this place.
 B = Non-inter-level travel time spent in this place.
 C = Inter-level travel time spent in this place.
 D = Time resting spent in this place.
 E = Time spent auto-exploring this place.
 F = Levels seen in this place.
 G = Mean time per level.
                   A        B        C        D        E       F      G
               +--------+--------+--------+--------+--------+-----+--------+
         Total |   2301 |   2240 |     61 |      0 |   1926 |   4 |  575.2 |
       Dungeon |   2301 |   2240 |     61 |      0 |   1926 |   4 |  575.2 |
               +--------+--------+--------+--------+--------+-----+--------+

Top non-repeatable levels by time:
     D:2: 941 daAuts
     D:1: 772 daAuts
     D:3: 467 daAuts
     D:4: 120 daAuts
